cohdb
Replays
Latest Replays
All Replays
Popular Replays
Top Player Replays
Match Explorer
How It Works
Community
CoH3 Stats
Reddit
Sign in to upload your games and track your stats! →
Sign in with Steam
Match 45505731
Unlisted
Match 45505731
Overview
Messages
Build Orders
End
Kradschützen Motorcycle Team
Panzergrenadier Squad
250 Light Carrier
Panzergrenadier Squad
Panzergrenadier Squad
Selects Battlefield Espionage Battlegroup
Selects Intel Disruption Beacon
Construct Light Support Kompanie
Panzerpioneer Squad
Panzerjäger Mechanized Group
Selects Transfer Depots
Fire Support Elements
Panzerpioneer Squad
Construct Panzerarmee Kommand
Panzer III L Medium Tank
Combat Half-tracks
le.IG 18 Mechanized Group
Walking Stuka Rocket Launcher
Kanade
HaRdy
Seppun
ethan4d4
0
0
Comments
sign in to comment!
No comments posted yet!